 Dungeon Crawl Stone Soup version 0.20-a0-204-ge9bc5e3 (webtiles) character file.

74 Jraekied the Shield-Bearer (level 4, -2/34 HPs)
             Began as a Demonspawn Wanderer on Nov 24, 2016.
             Slain by Jessica
             ... wielding a cursed +0 club
              (8 damage)
             ... on level 2 of the Dungeon.
             The game lasted 00:02:47 (1698 turns).

Jraekied the Shield-Bearer (Demonspawn Wanderer)    Turns: 1698, Time: 00:02:47

Health: -2/34      AC:  2    Str: 15    XL:     4   Next: 9%
Magic:  4/4        EV: 11    Int: 15    God:
Gold:   49         SH:  4    Dex:  9    Spells: 3/3 levels left

rFire  . . .     SeeInvis .     b - +0 dagger (venom)
rCold  . . .     Gourm    .     e - +0 robe
rNeg   . . .     Faith    .     d - +0 buckler
rPois  .         Spirit   .     (no helmet)
rElec  .         Reflect  .     (no cloak)
rCorr  .         Harm     .     (no gloves)
MR     .....                    (no boots)
Stlth  +.........               j - amulet of inaccuracy (curse)
                                (no ring)
                                (no ring)

@: slowed, very slow
A: hooves 1
a: no special abilities


You were on level 2 of the Dungeon.
You were near starving.

You visited 1 branch of the dungeon, and saw 2 of its levels.

You collected 49 gold pieces.

Inventory:

Hand Weapons
 a - a +2 dagger
 b - a +0 dagger of venom (weapon)
 c - a +0 falchion
Armour
 d - a +0 buckler (worn)
 e - a +0 robe (worn)
Jewellery
 j - a cursed amulet of inaccuracy (around neck)
Potions
 i - a potion of curing {unknown}
Comestibles
 f - 2 bread rations
 h - a meat ration


   Skills:
 - Level 2.4 Fighting
 + Level 1.7 Short Blades
   Level 1.7 Maces & Flails
 - Level 1.7 Armour
 - Level 1.0 Dodging
 - Level 1.7 Stealth
 + Level 2.6 Shields


You had 3 spell levels left.
You didn't know any spells.

Dungeon Overview and Level Annotations

Branches:
Dungeon (2/15)

Altars:

Annotations:
D:2 Jessica


Innate Abilities, Weirdness & Mutations

You have large cloven feet.


Message History

Your kick misses Jessica.
Jessica mumbles something strange.
Jessica casts a spell at you.
You feel yourself slow down.
You barely miss Jessica. Your kick misses Jessica. You block Jessica's attack.
You barely miss Jessica. Jessica hits you with a club.
* * * LOW HITPOINT WARNING * * *
Jessica misses you.
You are too injured to fight recklessly!
You hit Jessica.
Jessica is moderately wounded.
Jessica misses you.
You hit Jessica.
Jessica looks as sick as possible!
Your kick misses Jessica.
Jessica is heavily wounded.
Jessica hits you with a club.
* * * LOW HITPOINT WARNING * * *
You barely miss Jessica. Your kick misses Jessica.
Jessica is severely wounded.
Jessica hits you with a club!
You die...

#.#.. #.#.#
#.#.#
..####[#.#######
.....?..)......#
.#####.#)#####.#
#.#.# ..#.#
####@# #@#####.#
#<.$.....
...............
..#...#######.#
...... ..#.. #
##. .


You could see Jessica.

Vanquished Creatures
  Ijyb (D:2)
  A dart slug (D:1)
  2 leopard geckos (D:1)
  6 goblins (D:1)
  3 hobgoblins (D:1)
  6 jackals (D:1)
  A ball python (D:1)
  6 bats (D:1)
  5 frilled lizards
  8 kobolds
  5 rats (D:1)
44 creatures vanquished.

Notes
Turn   | Place    | Note
-------+----------+-------------------------------------------
     0 | D:1      | Jraekied the Demonspawn Wanderer began the quest for the Orb.
     0 | D:1      | Jraekied set off with: a +2 dagger, a potion of berserk rage, a +0 falchion, a +0 buckler, a +0 robe, a bread ration
     0 | D:1      | Reached XP level 1. HP: 16/16 MP: 1/1
    34 | D:1      | HP: 1/24 [leopard gecko (1)]
   771 | D:1      | Gained mutation: You have large cloven feet. [demonic ancestry]
   771 | D:1      | Reached XP level 2. HP: 22/22 MP: 2/2
  1260 | D:1      | Reached XP level 3. HP: 28/28 MP: 3/3
  1307 | D:1      | Reached skill level 1 in Short Blades
  1665 | D:2      | Noticed Ijyb
  1674 | D:2      | Killed Ijyb
  1674 | D:2      | Reached XP level 4. HP: 28/34 MP: 4/4
  1688 | D:2      | Noticed Jessica
  1698 | D:2      | Slain by Jessica

Vault maps used:
D:1:      dpeg_arrival_oval
D:2:      minmay_wonky_spiral, mrwooster_statue_mirror, uniq_jessica, uniq_iyjb

Skill      XL: |  1  2  3 |
---------------+----------+-----
Shields        | 2 |  2.6
Short Blades   | 1 |  1.7
Fighting       | |  2.4
Maces & Flails | |  1.7
Armour         | |  1.7
Dodging        | |  1.0
Stealth        | |  1.7

Action                   |  1- 3 |  4- 6 || total
-------------------------+-------+-------++-------
Melee: Dagger            |   117 |    10 ||   127
       Kick              |    17 |     1 ||    18
  Use: Potion            |     1 |       ||     1
       Scroll            |       |     1 ||     1
 Stab: Sleeping          |     3 |       ||     3
       Distracted        |     1 |       ||     1
  Eat: Chunk             |     1 |       ||     1
Armor: Robe              |    16 |       ||    16
Dodge: Dodged            |    57 |     4 ||    61
Block: Buckler           |    26 |     2 ||    28
